AoeStats
← LIJKIE

Enclosed

503794134Analyzed
1v1 RM · 29d ago on Sep 2, 2026· 65m 6s· 2 players
Game mode
Random Map
Map size
Tiny (2 player)
Population
200
Speed
Normal
Resources
Standard
Victory
Conquest
Starting age
Dark Age
Ending age
Imperial Age
RankedLock teamsTeams togetherTeam positionsShared explorationLock speedFull tech treeHidden civsTurbo modeCheats
Victory
Defeat
🇷🇺 Khmer · Russia
883
+17
🇳🇱 Franks · Netherlands
911
-17
jav1dan
4:49 Loom
10:00 Feudal Age
16:18 Castle Age
14:41 Horse Collar
20:52 Pikeman
24:18 Forging
24:08 Scale Mail Armor
29:31 Imperial Age
29:26 Fervor
29:27 Light Cavalry
32:14 Wheelbarrow
32:23 Town Watch
34:31 Hand Cart
34:00 Halberdier
35:12 Bloodlines
37:20 Chemistry
37:55 Iron Casting
40:45 Ballistics
40:30 Double-Bit Axe
41:05 Arson
43:14 Blast Furnace
42:31 Chain Mail Armor
43:09 Conscription
43:17 Heavy Scorpion
44:42 Husbandry
45:02 Heavy Plow
45:54 Hussar
47:09 Siege Engineers
47:41 Double Crossbow
50:59 Crop Rotation
50:43 Bow Saw
51:21 Scale Barding Armor
60:51 Elite Battle Elephant
61:26 Gold Mining
61:27 Stone Mining
63:16 Chain Barding Armor
62:48 Fletching
62:58 Padded Archer Armor
65:25 Gold Shaft Mining
65:27 Stone Shaft Mining
LIJKIE
4:38 Loom
10:54 Feudal Age
11:20 Double-Bit Axe
16:42 Castle Age
16:58 Fletching
17:14 Scale Barding Armor
17:22 Forging
19:12 Pikeman
33:17 Imperial Age
32:20 Husbandry
33:19 Cavalier
39:15 Halberdier
42:09 Padded Archer Armor
43:28 Iron Casting
46:57 Wheelbarrow
46:08 Town Watch
46:32 Crossbowman
48:18 Scale Mail Armor
48:34 Leather Archer Armor
49:28 Onager
53:20 Bodkin Arrow
53:41 Chain Mail Armor
54:27 Blast Furnace
54:06 Paladin
55:19 Elite Skirmisher
60:47 Chemistry
60:16 Ballistics
65:23 Plate Mail Armor
Connection lost

Rejoining the realm…

Still unreachable

The connection could not be restored.

Session expired

The server has moved on; the page needs a fresh start.